[Event "*** SCC Grand Prix: Titled Tuesday Blitz"]
[Site "Chess.com"]
[Date "2020.08.25"]
[Round "4"]
[White "ChessyInstinct"]
[Black "Misticpikachu"]
[Result "0-1"]
[WhiteElo "2482"]
[BlackElo "2321"]
[TimeControl "180+1"]
[EndTime "10:41:40 PDT"]
[Termination "Misticpikachu won by checkmate"]

1. d4 d5 2. c4 e6 3. Nf3 Nf6 4. g3 Be7 5. Bg2 O-O 6. O-O dxc4 7. Qc2 a6 8. a4 Bd7 9. Qxc4 Bc6 10. Bf4 Nbd7 11. Nc3 Nb6 12. Qd3 Nbd5 13. Bg5 Nxc3 14.
bxc3 Be4 15. Qe3 Qd5 16. Rac1 b5 17. Bxf6 Bxf6 18. Ne1 Bxg2 19. Nxg2 bxa4 20. Nf4 Qc4 21. Qd3 Qxd3 22. Nxd3 Rab8 23. Ra1 Rb3 24. Rfc1 a3 25. Nc5 Rb2 26. e3 a2 27. Nd3 Rd2 28. Nb4 a5 29.
Nxa2 Rb8 30. Rd1 Re2 31. Nc1 Rc2 32. Nd3 Rb5 33. c4 Rxc4 34. Rdc1 Rxc1+ 35. Rxc1 Bd8 36. Nc5 Kf8 37. Na6 Rb7 38. Rc5 a4 39. Ra5 c5 40.
Rxc5 Ra7 41. Nb4 a3 42. Rc8 Rd7 43. Nc6 Ke8 44. Ra8 Rd6 45. Nxd8 Rxd8 46. Rxa3 Rc8 47. Ra7 g6 48. Kg2 Kf8 49. h4 Kg7 50. Kf3 h5 51.
Ra5 Kf6 52. Ke4 Rc2 53. Kf3 Rc3 54. Ra2 Rc1 55. Rd2 Rc6 56. e4 Rc3+ 57. Kf4 Rb3 58. d5 e5# 0-1

[Event "*** SCC Grand Prix: Titled Tuesday Blitz"]
[Site "Chess.com"]
[Date "2020.08.25"]
[Round "4"]
[White "Onegust"]
[Black "Kotofeyca"]
[Result "1-0"]
[WhiteElo "2562"]
[BlackElo "2328"]
[TimeControl "180+1"]
[EndTime "10:41:43 PDT"]
[Termination "Onegust won on time"]

1. e4 c5 2. Nf3 d6 3. d4 cxd4 4.
Nxd4 Nf6 5. Nc3 a6 6. Bg5 e6 7.
f4 Qb6 8. Qd3 Nc6 9. Nb3 Be7 10.
O-O-O Qc7 11. g4 b5 12. Bg2 Bb7 13. Rhe1 b4 14. Nd5 exd5 15. exd5 Na5 16. Nd4 O-O 17.
Nf5 Rfe8 18. Kb1 Bf8 19. Bxf6 gxf6 20. Qd4 Nc4 21. Qxf6 Nd2+ 22. Ka1 Qxc2 23. g5 Rac8 24. Nh6+ Bxh6 25. gxh6 Qg6 26. Qd4 Rxe1 27. Rxe1 Nc4 28. Be4 Qxh6 29. Rg1+ Kf8 30. Bf5 Rc7 31. Qh8+ Ke7 32.
Re1+ Ne5 33. fxe5 Rc1+ 34. Rxc1 Qxc1+ 35. Bb1 Bxd5 36. Qf6+ Ke8 37. exd6 Kd7 38. Qe7+ Kc6 39. Qc7+ Kb5 40. Qb8+ Ka5 41. Qd8+ Kb5 42. Qb8+ Ka5 43. d7 Be4 44. d8=Q+ Ka4 45. Qd7+ Bc6 46. Qd4 1-0

[Event "*** SCC Grand Prix: Titled Tuesday Blitz"]
[Site "Chess.com"]
[Date "2020.08.25"]
[Round "4"]
[White "serena-maria"]
[Black "Fh2411"]
[Result "0-1"]
[WhiteElo "2296"]
[BlackElo "2554"]
[TimeControl "180+1"]
[EndTime "10:41:43 PDT"]
[Termination "Fh2411 won by checkmate"]

1. Nf3 d5 2. g3 c6 3. Bg2 Bf5 4.
O-O e6 5. c4 Nd7 6. cxd5 exd5 7. d3 Ngf6 8. Qb3 Nc5 9. Qc2 Be7 10. b4 Ne6 11. a3 O-O 12. Nbd2 h6 13. Bb2 Bh7 14.
Ne5 a5 15. b5 c5 16. Ndf3 Rc8 17. Qa4 Qb6 18. Bc3 Ra8 19. Nd2 Qc7 20. b6 Qxb6 21. Nd7 Qd8 22. Bxf6 Bxf6 23. Nxf6+ Qxf6 24. Bxd5 Rad8 25. Bxb7 Qb2 26. Nb3 Qxe2 27. Nxa5 Bxd3 28. Rfe1 Qh5 29. Nc6 Rd6 30. Ne5 Rfd8 31. Nxd3 Rxd3 32. Qc6 Rd2 33. a4 Nd4 34. Qg2 Nc2 35. a5 Nxa1 36. Rxa1 Rd1+ 37. Qf1 Rxf1+ 38. Rxf1 c4 39. a6 Qb5 40. Rc1 Qb4 41. Bg2 Rd7 42. Bb7 c3 43. Ra1 Rxb7 44. axb7 Qxb7 45. Rc1 Qb2 46. Re1 c2 47. Re8+ Kh7 48.
Rc8 c1=Q+ 49. Rxc1 Qxc1+ 50. Kg2 g5 51. h3 f5 52. f3 Qd2+ 53. Kg1 Qe2 54. Kh1 Qxf3+ 55. Kg1 Qxg3+ 56. Kh1 Qxh3+ 57. Kg1 Qg3+ 58. Kh1 Qe3 59. Kg2 f4 60. Kh1 Qe2 61. Kg1 f3 62. Kh1 Qg2# 0-1

[Event "*** SCC Grand Prix: Titled Tuesday Blitz"]
[Site "Chess.com"]
[Date "2020.08.25"]
[Round "4"]
[White "ljuks68"]
[Black "poppy73"]
[Result "1-0"]
[WhiteElo "2435"]
[BlackElo "2241"]
[TimeControl "180+1"]
[EndTime "10:41:43 PDT"]
[Termination "ljuks68 won by resignation"]

1. e4 c5 2. Nf3 d6 3. d4 cxd4 4.
Nxd4 Nf6 5. Nc3 a6 6. Bg5 e6 7.
f4 Qc7 8. Qf3 b5 9. Bxf6 gxf6 10. O-O-O b4 11. Nce2 Bb7 12. Ng3 Nd7 13. Bd3 f5 14. Qh5 Nf6 15. Qe2 fxe4 16. Nxe4 Nxe4 17. Bxe4 Bxe4 18. Qxe4 d5 19. Qf3 O-O-O 20. Kb1 Bg7 21. Rd3 Kb8 22. c3 Bxd4 23. Rxd4 bxc3 24. Rc1 Qb6 25.
Qxc3 Rc8 26. Rb4 Rxc3 27. Rxb6+ Kc7 28. Rxa6 Rxc1+ 29. Kxc1 Kb7 30. Ra3 Rg8 31. g3 Rc8+ 32.
Rc3 Ra8 33. a3 Ra4 34. b4 d4 35. Rd3 Kc6 36. Kb2 Kd5 37. Kb3 Ra8 38. a4 Ke4 39. Rd1 d3 40. b5 Kd4 41. Kb4 Rc8 42. b6 Rc4+ 43. Kb5 Rc5+ 44. Ka6 Rc4 45. a5 Rb4 46. b7 Kc3 47. Ka7 Kc2 48. Rxd3 Kxd3 49. b8=Q Rxb8 50.
Kxb8 Ke3 51. a6 Kf3 52. a7 Kg2 53. a8=Q+ Kxh2 54. Qf3 Kh3 55. Kc7 Kh2 56. Kd6 Kh3 57.
Ke7 Kh2 58. Kxf7 1-0

[Event "*** SCC Grand Prix: Titled Tuesday Blitz"]
[Site "Chess.com"]
[Date "2020.08.25"]
[Round "4"]
[White "Th3_Hound"]
[Black "Olga_Zhuravleva"]
[Result "1-0"]
[WhiteElo "2624"]
[BlackElo "2334"]
[TimeControl "180+1"]
[EndTime "10:41:44 PDT"]
[Termination "Th3_Hound won by checkmate"]

1. e4 e5 2. Nf3 Nc6 3. Bb5 f5 4. d3 Nf6 5. O-O Bc5 6. Bxc6 dxc6 7. Nxe5 O-O 8. Nc3 Bd4 9. Nf3 Bxc3 10. bxc3 fxe4 11. Ne5 Qd5 12. d4 c5 13. Be3 cxd4 14.
cxd4 c5 15. c4 Qd6 16. f4 exf3 17. Rxf3 cxd4 18. Qxd4 Qxd4 19. Bxd4 Be6 20. Rb1 b6 21. Re1 Rfe8 22. Rfe3 Bf5 23. h3 Rac8 24. g4 Bc2 25.
Rc3 Ba4 26. Ra3 b5 27. cxb5 Bxb5 28. Rxa7 Rcd8 29. Bc3 Ra8 30. Rb7 Ba6 31. Rb2 Nd5 32.
Bd4 Nf4 33. Kh2 Bc8 34. Rf2 g5 35. h4 h6 36. hxg5 hxg5 37. Kg3 Ra3+ 38. Rf3 Rxa2 39.
Rxf4 gxf4+ 40. Kxf4 Ra4 41. Ke3 Ra3+ 42. Ke4 Bb7+ 43.
Kf5 Bc8+ 44. Kg5 Ra5 45. Re3 Ra4 46. Rd3 Ba6 47. Rd2 Rxd4 48. Rxd4 Rxe5+ 49. Kf4 Re8 50. Rd6 Bc8 51. Rc6 Kg7 52. Rc7+ Kf8 53. g5 Be6 54. g6 Kg8 55. Kg5 Rf8 56. Kh6 Bf5 57.
Rg7+ Kh8 58. Rf7 Rg8 59. g7+ Rxg7 60. Rxg7 Bg6 61. Re7 Bf7 62. Rc7 Bg6 63. Kg5 Be8 64.
Rc8 Kg7 65. Rxe8 Kf7 66. Re5 Kf8 67. Kg6 Kg8 68. Re8# 1-0

[Event "*** SCC Grand Prix: Titled Tuesday Blitz"]
[Site "Chess.com"]
[Date "2020.08.25"]
[Round "4"]
[White "MariaFominykh"]
[Black "Nf3c5"]
[Result "0-1"]
[WhiteElo "2302"]
[BlackElo "2557"]
[TimeControl "180+1"]
[EndTime "10:41:46 PDT"]
[Termination "Nf3c5 won on time"]

1. d4 Nf6 2. c4 g6 3. Nc3 d5 4.
cxd5 Nxd5 5. Bd2 Bg7 6. e4 Nb6 7. Be3 O-O 8. Be2 Nc6 9. Nf3 Bg4 10. d5 Na5 11. Bd4 Bxf3 12. Bxf3 e5 13. Bc5 Re8 14. O-O Nac4 15. b3 Nd6 16. a4 Bh6 17. a5 Nd7 18.
Ba3 a6 19. Ra2 f5 20. Qe2 Kh8 21. g3 Qf6 22. Rc2 Rg8 23. Na4 Rac8 24. Bb2 Rge8 25. Nc5 Nf8 26. Re1 Bg7 27. Bg2 Nf7 28. Nxb7 f4 29.
Rc6 Qe7 30. Nc5 Rb8 31. Qc2 Ng5 32. f3 h5 33. Nxa6 Ra8 34. Nxc7 Rxa5 35. Nxe8 Qxe8 36. Rc8 Qb5 37. gxf4 Qb6+ 38. Kh1 Nf7 39. fxe5 Ra2 40.
e6 Rxb2 41. Rxf8+ Kh7 42. Qxb2 Bxb2 43. Rxf7+ Kg8 44. Rd7 Qf2 45. Rf1 Qh4 46. e7 Kf7 47. f4 Ke8 48. Rb7 Ba3 49. d6 Bxd6 50. e5 Bxe7 51.
Bc6+ Kf8 0-1

[Event "*** SCC Grand Prix: Titled Tuesday Blitz"]
[Site "Chess.com"]
[Date "2020.08.25"]
[Round "4"]
[White "Izoria123"]
[Black "bocah_sakit"]
[Result "1-0"]
[WhiteElo "2856"]
[BlackElo "2618"]
[TimeControl "180+1"]
[EndTime "10:41:47 PDT"]
[Termination "Izoria123 won on time"]

1. Nf3 Nf6 2. c4 g6 3. g3 Bg7 4. Bg2 O-O 5. O-O d6 6. Nc3 e5 7.
d4 Nc6 8. d5 Nb8 9. e4 a5 10.
Re1 Na6 11. Rb1 Nd7 12. b3 f5 13. exf5 gxf5 14. Ng5 Ndc5 15. Qh5 h6 16. Ne6 Nxe6 17. dxe6 Qe8 18. Qxe8 Rxe8 19. Nb5 Bf8 20. Bd2 c6 21. Nc3 Bxe6 22. Na4 Nb4 23. a3 Nc2 24. Rec1 Nd4 25. Rd1 Ra6 26. Be3 b5 27. cxb5 cxb5 28. Nc3 Nc2 29.
Nxb5 Nxe3 30. fxe3 Rb6 31. Nc7 Re7 32. Nxe6 Rxe6 33.
Bd5 Kf7 34. b4 axb4 35. Rxb4 Ra6 36. a4 Kf6 37. Bxe6 Kxe6 38. Rdb1 Be7 39. Kf2 Bd8 40. Ra1 Bb6 41. Ke2 Bc5 42. Rb7 h5 43. Kd3 Kd5 44. Rh7 Rb6 45. Rxh5 Rb3+ 46. Kc2 Rxe3 47. a5 Re2+ 48. Kd3 Re3+ 49. Kd2 Ke4 50. a6 Rd3+ 51.
Ke2 Rb3 52. a7 Rb2+ 53. Kf1 Bxa7 54. Rxa7 d5 55. Ra3 d4 56. Rh4+ f4 57. gxf4 exf4 58. Rhh3 Rb1+ 59. Ke2 Rb2+ 60. Ke1 Rb1+ 61. Kd2 Rb2+ 62.
Kd1 Rb1+ 63. Kc2 Rg1 64. Rhd3 Rg2+ 65. Rd2 Rg1 66. Ra8 f3 67. Re8+ Kd5 68. Rd8+ Ke5 69.
Rf2 Ke4 70. Re8+ Kf4 71. Rf8+ Ke4 72. R8xf3 1-0

[Event "*** SCC Grand Prix: Titled Tuesday Blitz"]
[Site "Chess.com"]
[Date "2020.08.25"]
[Round "4"]
[White "GukeshDommaraju"]
[Black "BillieKimbah"]
[Result "0-1"]
[WhiteElo "2710"]
[BlackElo "2881"]
[TimeControl "180+1"]
[EndTime "10:41:48 PDT"]
[Termination "BillieKimbah won by resignation"]

1. e4 d5 2. exd5 Nf6 3. d4 Bg4 4. f3 Bf5 5. Bb5+ Nbd7 6. c4 a6 7. Ba4 b5 8. cxb5 axb5 9. Bxb5 Nxd5 10. Ne2 Nb4 11. O-O e6 12. Ng3 Bg6 13. a3 Bd6 14.
Nc3 O-O 15. Nge4 Be7 16. Bf4 c6 17. Be2 Nd5 18. Bd2 Qb6 19. Kh1 Qxb2 20. Ra2 Qb6 21. Bc1 Rfb8 22. a4 Bb4 23. Nxd5 cxd5 24. Nf2 Bc3 25. Be3 e5 26. Bb5 exd4 27. Bf4 Rd8 28.
Nd3 Nf8 29. Re2 Ne6 30. Bc1 Nc7 31. Ne5 Nxb5 32. axb5 Qxb5 33. f4 d3 34. Ref2 Be4 35. Qg4 d2 36. Bxd2 Bxd2 37. f5 Bh6 38. f6 g6 39. Qh4 Be3 40. Ng4 Bxf2 41. Qxf2 Rab8 42. Nh6+ Kf8 43. Rg1 Qb6 44. Qf4 Qd6 45. Qg5 Qe6 46.
Ng4 h5 47. Qh6+ Ke8 48. Ne3 Kd7 49. Rf1 Rb7 50. Qf4 Rdb8 51. Nc4 dxc4 52. Rd1+ Ke8 53.
h3 Rb1 54. Rxb1 Rxb1+ 55. Kh2 Rb5 56. Qc7 Qe5+ 0-1

[Event "*** SCC Grand Prix: Titled Tuesday Blitz"]
[Site "Chess.com"]
[Date "2020.08.25"]
[Round "4"]
[White "pirulillo"]
[Black "Shuvalov"]
[Result "1/2-1/2"]
[WhiteElo "2179"]
[BlackElo "2397"]
[TimeControl "180+1"]
[EndTime "10:41:48 PDT"]
[Termination "Game drawn - insufficient material"]

1. e4 e6 2. d3 d5 3. Nd2 c5 4.
Ngf3 Nc6 5. g3 Bd6 6. Bg2 Nge7 7.
O-O O-O 8. Nh4 f6 9. f4 b6 10.
Ndf3 Bc7 11. Qe2 Re8 12. e5 f5 13. c3 d4 14. c4 Bb7 15. h3 Rf8 16. g4 Qd7 17.
gxf5 Nxf5 18. Nxf5 Rxf5 19. Ng5 Nd8 20. Be4 Bxe4 21. dxe4 Rf8 22. Nf3 Nc6 23. Ne1 Rae8 24. Nd3 Nb4 25. Nxb4 cxb4 26. Qd3 b5 27. cxb5 Rb8 28. Bd2 Qxb5 29. Qxb5 Rxb5 30. Rac1 Bb6 31. Rc6 Re8 32. Rfc1 Ra5 33. a3 bxa3 34. Bxa5 axb2 35.
Rb1 Bxa5 36. Rxb2 Bb6 37. Kf1 Kf7 38. Ke2 Ke7 39. f5 exf5 40. exf5 Kf7 41. e6+ Kf6 42. Rb5 g6 43. fxg6 hxg6 44. Kd3 Rxe6 45. Rxe6+ Kxe6 46. Rb1 Kf5 47. Rf1+ Kg5 48. Ke4 Kh4 49. Rf3 a5 50. Rb3 Bc5 51. Kd5 Ba7 52. Rb7 d3 53. Ke4 d2 54.
Rd7 Kxh3 55. Rxd2 g5 56. Kf3 g4+ 57. Ke2 g3 58. Kf1 Bf2 59. Rd7 Bc5 60. Rh7+ Kg4 61.
Kg2 a4 62. Rg7+ Kf4 63. Rxg3 a3 64. Rxa3 Bxa3 1/2-1/2

[Event "*** SCC Grand Prix: Titled Tuesday Blitz"]
[Site "Chess.com"]
[Date "2020.08.25"]
[Round "4"]
[White "KuzubovYuriy"]
[Black "AlexeiShirov"]
[Result "1-0"]
[WhiteElo "2870"]
[BlackElo "2702"]
[TimeControl "180+1"]
[EndTime "10:41:51 PDT"]
[Termination "KuzubovYuriy won on time"]

1. d4 d5 2. c4 c6 3. e3 Nf6 4.
Nc3 Nbd7 5. Nf3 e6 6. b3 Bd6 7. Be2 O-O 8. O-O Ne4 9. Bb2 f5 10. Ne1 Qh4 11. f4 Ndf6 12. Nf3 Qh6 13. Ne5 Bxe5 14.
dxe5 Nxc3 15. Bxc3 Ne4 16. Bb2 Bd7 17. Bf3 Rfd8 18. cxd5 exd5 19. Qc2 Be6 20. Rac1 g5 21.
Bxe4 dxe4 22. Rcd1 gxf4 23. Rxf4 Rxd1+ 24. Qxd1 Qf8 25. Qd6 Qe8 26. Bd4 Rd8 27. Qa3 b6 28. b4 Rd7 29.
Qc3 Rg7 30. Rf2 Rg6 31. a4 Qd7 32. a5 b5 33. Qc5 Rg7 34. Qd6 Rf7 35. Qxd7 Rxd7 36.
Rc2 Bc4 37. Kf2 Kf7 38. a6 Ke6 39. Kg3 Rg7+ 40. Kf2 h5 41. Rc1 h4 42. Rg1 Rg4 43.
h3 Rg3 44. Bxa7 f4 45. Bd4 Kd5 46. a7 Rg8 47. Ra1 Ra8 48. Ra3 Bd3 49. Bc5 f3 50.
gxf3 Kxe5 51. f4+ Kd5 52. Ra1 Kc4 53. Rg1 Kb3 54. Rg7 Bc4 55. Rb7 Rd8 56. Bd4 Rg8 57. Rb8 Rg3 58. a8=Q Rf3+ 59. Kg2 Bf1+ 60. Kg1 1-0

[Event "*** SCC Grand Prix: Titled Tuesday Blitz"]
[Site "Chess.com"]
[Date "2020.08.25"]
[Round "4"]
[White "pedromartinez91"]
[Black "PavelShkapenko"]
[Result "0-1"]
[WhiteElo "2450"]
[BlackElo "2625"]
[TimeControl "180+1"]
[EndTime "10:41:51 PDT"]
[Termination "PavelShkapenko won by resignation"]

1. e4 c5 2. Nf3 e6 3. b3 d5 4.
exd5 exd5 5. Bb2 Nf6 6. Bb5+ Bd7 7. Qe2+ Qe7 8. Bxf6 Qxe2+ 9. Bxe2 gxf6 10. Nc3 Bc6 11. Bb5 Kd7 12. a4 d4 13. Nd5 Bg7 14. O-O Kd6 15. Bxc6 Nxc6 16. Nf4 Rae8 17. Rfe1 Rhg8 18. Nh4 Re5 19. Nd3 Rh5 20. g3 Ne5 21. Kf1 Bh6 22.
f4 Nxd3 23. cxd3 Bxf4 24. Re2 Be5 25. Rae1 Kd5 26. Nf3 Bd6 27. Re4 Rh6 28. Nh4 Rh5 29. Re8 Rxe8 30. Rxe8 f5 31. Kg2 f4 32. Kf3 fxg3 33. hxg3 f5 34. Rg8 f4 35. Kg4 Re5 36.
gxf4 Re2 37. Rg5+ Ke6 38. Nf3 Rg2+ 39. Kh3 Rxg5 40. fxg5 Kf5 41. Kh4 Kf4 42. Ng1 Be7 43. Nh3+ Kf3 44. Kh5 Bf8 45. a5 b6 46. a6 Kg3 47. Ng1 Kf2 48. Nh3+ Ke2 49. Nf4+ Kxd2 50. Ne6 Be7 51. Nc7 Kxd3 52. Nb5 c4 53. bxc4 Kxc4 54. Nxa7 d3 55. Nc6 d2 56. Ne5+ Kb3 57. a7 d1=Q+ 58. Kh6 Qa1 59. Nc6 Bf8+ 60. Kh5 Qh1+ 61. Kg4 Qxc6 62. g6 Qxg6+ 0-1

[Event "*** SCC Grand Prix: Titled Tuesday Blitz"]
[Site "Chess.com"]
[Date "2020.08.25"]
[Round "4"]
[White "Msb2"]
[Black "BocharovD"]
[Result "0-1"]
[WhiteElo "2823"]
[BlackElo "2713"]
[TimeControl "180+1"]
[EndTime "10:41:53 PDT"]
[Termination "BocharovD won by resignation"]

1. d4 Nf6 2. c4 e6 3. Nc3 Bb4 4. e3 O-O 5. Bd2 Re8 6. Nf3 d5 7. Rc1 Bf8 8. Qc2 Nbd7 9. a3 a6 10. h3 b6 11. cxd5 exd5 12. Bd3 c5 13. O-O c4 14.
Bf5 g6 15. Bxd7 Bxd7 16. Ne5 Bf5 17. Qd1 b5 18. f3 Qb6 19. Be1 a5 20. Bh4 b4 21.
Na4 Qd6 22. Nc5 Nd7 23. Ncxd7 Bxd7 24. e4 Be6 25. axb4 axb4 26. exd5 Bxd5 27. Nxc4 Qf4 28. Bf2 Rad8 29. Qa4 Re2 30. Qa5 Qg5 31. h4 Qe7 32.
Ne5 Rxb2 33. Rc7 Qd6 34. Ng4 Bg7 35. Rfc1 h5 36. Rc8 Rxc8 37. Rxc8+ Kh7 38. Ne5 Be6 39. Rd8 Qe7 40. Qa8 b3 41. Bg3 Ra2 42. Qb8 b2 43.
Kh2 Qxd8 44. Qxd8 b1=Q 45. d5 Ra1 46. Bf4 Qh1+ 47. Kg3 Qe1+ 48. Kh2 Bxe5 49. Qg5 Bxf4+ 50. Qxf4 Bxd5 51. Qf6 Qh1+ 52. Kg3 Qe1+ 53. Kh2 Ra2 54. Qd4 Qf2 55. Qxf2 Rxf2 0-1

[Event "*** SCC Grand Prix: Titled Tuesday Blitz"]
[Site "Chess.com"]
[Date "2020.08.25"]
[Round "4"]
[White "Dannyyi"]
[Black "NiranjanNavalgund"]
[Result "1-0"]
[WhiteElo "2354"]
[BlackElo "2431"]
[TimeControl "180+1"]
[EndTime "10:41:54 PDT"]
[Termination "Dannyyi won by checkmate"]

1. e4 c5 2. a3 b6 3. b4 Bb7 4.
Nc3 e6 5. bxc5 bxc5 6. Rb1 Bc6 7. Nf3 d6 8. Be2 Nf6 9. d3 g6 10. O-O Bg7 11. Bb2 O-O 12. Re1 Nbd7 13. Bf1 Rb8 14.
Ba1 Qa5 15. Rxb8 Rxb8 16. Qc1 Ng4 17. Ne2 Nge5 18. Nxe5 Nxe5 19. Bc3 Qa6 20. Qa1 Bf8 21. Bxe5 dxe5 22. Qxe5 Rd8 23. Nf4 Qa5 24. Rb1 Qd2 25.
Qc7 Rd4 26. Ne2 Qxc2 27. Nxd4 cxd4 28. Rb8 Qa4 29. Qc8 Qxa3 30. Qxc6 Kg7 31. Qa8 Bc5 32. Rg8+ Kh6 33. Qb7 Be7 34. Re8 Bh4 35. Qxf7 Qb2 36. Qf8+ Kh5 37. Qf3+ Kh6 38. Rxe6 Qd2 39. g3 Bg5 40. Re8 Qc1 41. Qf8+ Kh5 42. Kg2 Qd2 43.
Qf3+ Kh6 44. Qf8+ Kh5 45. h4 Be3 46. g4+ Kxh4 47. Qf6+ Bg5 48. Qf3 Be3 49. Qh3+ Kg5 50. Rf8 Bf4 51. Qf3 h6 52. Be2 a5 53. e5 a4 54. e6 h5 55. gxh5 a3 56. Rg8 Kh4 57.
Rxg6 Bg5 58. Qg4# 1-0

[Event "*** SCC Grand Prix: Titled Tuesday Blitz"]
[Site "Chess.com"]
[Date "2020.08.25"]
[Round "4"]
[White "Reader777"]
[Black "dbrankovic68"]
[Result "0-1"]
[WhiteElo "2674"]
[BlackElo "2492"]
[TimeControl "180+1"]
[EndTime "10:41:55 PDT"]
[Termination "dbrankovic68 won by resignation"]

1. d4 Nf6 2. c4 g6 3. Nc3 Bg7 4.
e4 d6 5. f4 O-O 6. Nf3 c5 7. d5 e5 8. Be2 exf4 9. Bxf4 Re8 10.
Qc2 Na6 11. a3 Ng4 12. O-O Nc7 13. Rae1 a6 14. Bd3 Ne5 15. Nxe5 Bxe5 16. Bxe5 Rxe5 17. Qf2 Qe7 18. b4 b6 19. Na4 Rb8 20. Rb1 Bd7 21. Nc3 Ne8 22. Rb2 Kg7 23. Rfb1 Rc8 24. bxc5 bxc5 25.
Rb7 Qd8 26. Rf1 f6 27. Be2 Rc7 28. Rfb1 Re7 29. Rb8 Rc8 30. R8b6 Ra8 31. Bf3 Bc8 32. Qg3 Raa7 33. h4 Reb7 34. Rxb7+ Rxb7 35. Rxb7+ Bxb7 36. h5 Qe7 37. Qf4 Bc8 38. Kf2 Qe5 39. Qxe5 fxe5 40. hxg6 hxg6 41. Kg3 Bd7 42. Bg4 Bxg4 43. Kxg4 Kh6 44.
Na4 Nf6+ 45. Kf3 g5 46. Nb6 g4+ 47. Ke3 Kg5 48. Nc8 Ne8 49. Ne7 Nf6 50. Nf5 Ne8 51. Kf2 Kf4 52. Ng3 Nf6 53. Ne2+ Kxe4 54. Ng3+ Kd3 55. Nf5 Ne4+ 56. Ke1 Kxc4 57. Ne3+ Kd4 58.
Nxg4 Kxd5 59. Ne3+ Kd4 60. Nf5+ Kd3 61. g4 c4 62. Kd1 c3 63. Kc1 d5 64. Ne7 d4 65.
Nc6 Ke2 66. Nxe5 d3 67. Nxd3 Kxd3 68. Kd1 c2+ 69. Kc1 Nc3 0-1

[Event "*** SCC Grand Prix: Titled Tuesday Blitz"]
[Site "Chess.com"]
[Date "2020.08.25"]
[Round "4"]
[White "SlavenPastar"]
[Black "Jabberwockiez"]
[Result "1-0"]
[WhiteElo "2443"]
[BlackElo "2250"]
[TimeControl "180+1"]
[EndTime "10:41:55 PDT"]
[Termination "SlavenPastar won by checkmate"]

1. d4 Nf6 2. c4 e6 3. Nc3 Bb4 4.
e3 O-O 5. Bd3 d5 6. cxd5 exd5 7.
Ne2 Re8 8. Bd2 c5 9. Rc1 cxd4 10. exd4 Bg4 11. f3 Ne4 12. Bxe4 dxe4 13. Nxe4 Bxd2+ 14. Qxd2 Qh4+ 15. N2g3 f5 16. fxg4 Rxe4+ 17. Kf1 Qxg4 18. Rc8+ Kf7 19. Nxe4 fxe4 20. Qf2+ Ke6 21. d5+ Kxd5 22. Qc5+ Ke6 23. Re8+ Kf7 24. Qe7+ Kg6 25. Qe6+ Qxe6 26. Rxe6+ Kf7 27. Rxe4 Nc6 28. Ke2 Rd8 29. Rf1+ Kg6 30.
Ke3 Rd7 31. Re6+ Kg5 32. Rf4 g6 33. g3 Nd8 34. Ref6 Nc6 35. Rf7 Rxf7 36. Rxf7 Ne5 37. Rxh7 Nc4+ 38. Kd4 Na5 39. b4 Nc6+ 40. Kc5 Nd8 41.
b5 b6+ 42. Kd6 Kf6 43. Kd7 Nf7 44. Kc6 Ne5+ 45. Kb7 Nc4 46. Kxa7 Kg5 47. Kb7 Kg4 48. Rh8 g5 49. a4 Kf3 50. Rh7 g4 51. Rh4 Nd6+ 52.
Kxb6 Nf5 53. Rh8 Kg2 54. a5 Nd4 55. a6 Nf3 56. a7 Nxh2 57. Rxh2+ Kxh2 58. a8=Q Kxg3 59. Qg8 Kh2 60. Qxg4 Kh1 61. Kc7 Kh2 62. b6 Kh1 63. b7 Kh2 64. b8=Q Kh1 65. Qh8# 1-0

[Event "*** SCC Grand Prix: Titled Tuesday Blitz"]
[Site "Chess.com"]
[Date "2020.08.25"]
[Round "4"]
[White "Efremov_Vlad"]
[Black "KaterinaMiroshnik"]
[Result "0-1"]
[WhiteElo "2205"]
[BlackElo "2418"]
[TimeControl "180+1"]
[EndTime "10:41:55 PDT"]
[Termination "KaterinaMiroshnik won by checkmate"]

1. d4 e6 2. c4 Nf6 3. Nf3 Bb4+ 4.
Bd2 Be7 5. Nc3 O-O 6. e4 d6 7. Bd3 Nbd7 8. Bf4 Nh5 9. Bg3 Nxg3 10. hxg3 e5 11. Nd5 c6 12. Ne3 g6 13. Ng4 h5 14.
Ne3 Bf6 15. dxe5 Nxe5 16. Nxe5 Bxe5 17. Qc2 Qg5 18. Qd2 Be6 19. O-O-O Qf6 20. f4 Bd4 21. f5 Bd7 22. g4 Qg5 23. Nc2 Qxd2+ 24. Rxd2 Be5 25. Rf2 hxg4 26. Kb1 Kg7 27. Ne3 Bd4 28. Re2 Bxe3 29. Rxe3 gxf5 30. exf5 Kf6 31. Rg3 Kg5 32. Rf1 f6 33. Kc2 Rh8 34. Kd2 Rae8 35. Rf2 Re5 36. Re3 Rh2 37. Rxe5 dxe5 38. Be4 Rh1 39. a3 a5 40. Kc3 Rd1 41. b4 axb4+ 42. axb4 Rd4 43. Bc2 Rf4 44. Rd2 Bxf5 45. Bxf5 Kxf5 46. Rd7 b5 47. cxb5 cxb5 48. Rd5 Rf2 49. Rxb5 Rxg2 50. Rd5 g3 51. b5 Rg1 52. b6 Rb1 53. Rd3 g2 54.
Rg3 g1=Q 55. Rxg1 Rxg1 56. b7 Rb1 57. b8=Q Rxb8 58. Kc4 Ke4 59. Kc5 f5 60. Kc6 Rb1 61. Kc7 f4 62. Kd7 f3 63. Ke7 f2 64. Kf7 f1=Q+ 65.
Kg7 Rb2 66. Kh6 Rg2 67. Kh7 Qh1# 0-1

[Event "*** SCC Grand Prix: Titled Tuesday Blitz"]
[Site "Chess.com"]
[Date "2020.08.25"]
[Round "4"]
[White "Ranindu2003"]
[Black "hongnhung1234"]
[Result "0-1"]
[WhiteElo "2586"]
[BlackElo "2349"]
[TimeControl "180+1"]
[EndTime "10:41:58 PDT"]
[Termination "hongnhung1234 won by checkmate"]

1. e4 c5 2. Nf3 e6 3. d4 cxd4 4.
Bg5 Be7 5. Bxe7 Nxe7 6. Nxd4 d5 7. Nc3 dxe4 8. Nxe4 O-O 9. c3 Nbc6 10. Be2 Nxd4 11. cxd4 Nf5 12. O-O Nxd4 13. Bd3 b6 14. Qh5 g6 15.
Qe5 f6 16. Qg3 e5 17. Rad1 Be6 18. Kh1 Qe7 19. f4 f5 20. Ng5 exf4 21. Rxf4 Rad8 22. Re1 Qd6 23. Qh4 Rd7 24. a3 Kh8 25. h3 Bg8 26. Bb1 Ne6 27. Nxe6 Bxe6 28. Qh6 Bg8 29. Rh4 Rfd8 30. Qc1 Qg3 31. Ra4 Qxe1+ 32. Qxe1 Rd1 33. Qxd1 Rxd1+ 34. Kh2 Rxb1 35. b4 Bc4 36. Rxa7 b5 37. Rc7 Kg8 38. Kg3 Rb3+ 39. Kf4 Rxa3 40. Ke5 Re3+ 41.
Kf6 Re6+ 42. Kg5 Rd6 43. h4 Kf8 44. Rxh7 Bf7 45. Rh8+ Kg7 46. Rb8 Rd5 47. Kf4 Rd4+ 48.
Ke5 Rxb4 49. Rb7 Re4+ 50. Kd6 b4 51. g3 b3 52. Kd7 Re2 53. Kd8 b2 54. h5 gxh5 55.
Kd7 Kf6 56. Kd6 Ba2 57. Ra7 b1=Q 58. Ra8 Qb6+ 59. Kd7 Rd2+ 60. Ke8 Qe6+ 61. Kf8 Qf7# 0-1

[Event "*** SCC Grand Prix: Titled Tuesday Blitz"]
[Site "Chess.com"]
[Date "2020.08.25"]
[Round "4"]
[White "HanSchut"]
[Black "Nafania1"]
[Result "0-1"]
[WhiteElo "2246"]
[BlackElo "2443"]
[TimeControl "180+1"]
[EndTime "10:41:58 PDT"]
[Termination "Nafania1 won on time"]

1. e4 e6 2. d4 d5 3. Nd2 Be7 4.
Bd3 c5 5. dxc5 Nf6 6. Qe2 O-O 7.
Ngf3 a5 8. O-O Na6 9. exd5 exd5 10. c3 Nxc5 11. Bc2 Re8 12. Nb3 Bd6 13. Qd1 Nce4 14.
Nbd4 Bg4 15. h3 Bh5 16. Be3 Bb8 17. Re1 h6 18. Qd3 Bg6 19. Qf1 a4 20. Rad1 a3 21. Bc1 axb2 22. Bxb2 Rxa2 23. Rb1 Qc7 24. Bb3 Ra8 25.
Rbc1 Qb6 26. Qb5 Qxb5 27. Nxb5 Bf4 28. Rcd1 Rad8 29. g3 Bb8 30. Kg2 Nc5 31. Rxe8+ Rxe8 32. Ba2 Be4 33. Nd4 Nd3 34. Bc1 Ne5 35. Be3 Nc4 36. Bb1 Bxb1 37. Rxb1 Nxe3+ 38. fxe3 Rxe3 39. Rxb7 Bd6 40. Nf5 Re6 41. N3d4 Re3 42. Nxe3 Ne4 43. Nef5 Be5 44.
Nc6 Bxc3 45. Nce7+ Kh7 46. Nxd5 Be5 47. Rxf7 Kg6 48. Re7 Kxf5 49. Re8 Nd6 50. Ra8 Ke6 51. Ne3 Bd4 52. Ng4 h5 53. Nf2 Bxf2 54. Ra6 Bc5 55. g4 h4 56. Kf3 g5 57. Rc6 Kd5 58. Rc7 Nc4 59. Rg7 Ne5+ 60. Ke2 Ke4 61. Rxg5 Be7 62. Rh5 Kf4 63. Kd2 Nf3+ 64. Kd3 Kg3 0-1

[Event "*** SCC Grand Prix: Titled Tuesday Blitz"]
[Site "Chess.com"]
[Date "2020.08.25"]
[Round "4"]
[White "Meri-Arabidze"]
[Black "allvim"]
[Result "1-0"]
[WhiteElo "2603"]
[BlackElo "2416"]
[TimeControl "180+1"]
[EndTime "10:41:59 PDT"]
[Termination "Meri-Arabidze won on time"]

1. d4 Nf6 2. c4 g6 3. Nf3 d5 4. g3 dxc4 5. Bg2 Bg7 6. O-O O-O 7. Na3 Bd7 8. Nxc4 Bc6 9. Nce5 Bd5 10. Bf4 Nbd7 11. Rc1 Nxe5 12. Bxe5 c6 13. Qa4 Nd7 14. Bxg7 Kxg7 15. Rfe1 Nf6 16. Qa3 Qd6 17. Qxd6 exd6 18.
Nd2 Bxg2 19. Kxg2 d5 20. Nb3 Rfe8 21. Nc5 Ne4 22. e3 Nd6 23. Rc2 Rac8 24. Rec1 Re7 25. a4 Rec7 26. a5 Nc4 27. a6 bxa6 28. b3 Na3 29. Ra2 Nb5 30. Rxa6 Rb8 31. Na4 Nd6 32. Rcxc6 Rxc6 33. Rxc6 Ne4 34. Nc5 Nxc5 35. Rxc5 Rxb3 36. Rxd5 Ra3 37. Rd7 h5 38. h3 Ra1 39. Kf3 a5 40.
Ra7 Kf6 41. Ra6+ Ke7 42. Ke4 a4 43. g4 hxg4 44. hxg4 a3 45. f3 a2 46. g5 Kd7 47.
f4 Ke7 48. Ra7+ Ke8 49. Kd5 Re1 50. Rxa2 Rxe3 51. Ra8+ Ke7 52. Ra7+ Ke8 53. Kc6 Re4 54. d5 Rxf4 55. Ra8+ Ke7 56. d6+ Ke6 57. Re8+ Kf5 58.
d7 Rd4 59. d8=Q Rxd8 60. Rxd8 Kxg5 61. Kd5 f5 62. Ke5 Kg4 63. Rd4+ Kg3 64. Ra4 Kf3 65.
Kf6 f4 66. Kg5 1-0